 Dungeon Crawl Stone Soup version 0.29.1-1-gd02db6906a (webtiles) character file.

Game seed: 16103366844885607904

909 LustLizard the Covert (level 7, -6/33 (35) HPs)
             Began as a Spriggan Arcane Marksman on Sept 21, 2022.
             Mangled by a wight
             ... wielding a +0 long sword
              (11 damage)
             ... on level 6 of the Dungeon.
             The game lasted 00:12:07 (4410 turns).

LustLizard the Covert (Spriggan Arcane Marksman)    Turns: 4410, Time: 00:12:08

HP:   -6/33 (35)    AC:  2    Str:  6    XL:     7   Next: 81%
MP:   10/10         EV: 18    Int: 15    God:
Gold: 184           SH:  5    Dex: 17    Spells: 7/8 levels left

rFire   . . .      SeeInvis +   a - +1 sling
rCold   . . .      Faith    .   (no shield)
rNeg    + . .      Spirit   .   c - +0 robe
rPois   .          Reflect  +   (helmet restricted)
rElec   .          Harm     .   (no cloak)
rCorr   .          Rampage  .   (gloves unavailable)
Will    ++...                   (boots unavailable)
Stlth   ++++......              y - amulet of reflection
HPRegen 0.11/turn               o - ring of positive energy
MPRegen 0.12/turn               x - ring of willpower

@: about to teleport, drained, very quick
A: very small, no large weapons, unfitting armour, see invisible, speed 3
a: no special abilities


You were on level 6 of the Dungeon.
You visited 1 branch of the dungeon, and saw 6 of its levels.

You collected 346 gold pieces.
You spent 162 gold pieces at shops.

Inventory:

Hand Weapons
 a - a +1 sling (weapon)
Armour
 c - a +0 robe (worn)
Jewellery
 g - a ring of ice
 o - a ring of positive energy (left hand)
 v - a ring of positive energy
 x - a ring of willpower (right hand)
 y - an amulet of reflection (around neck)
Wands
 w - a wand of mindburst (21)
Scrolls
 b - 4 scrolls of poison
 e - 2 scrolls of blinking
 h - a scroll of teleportation
 i - 2 scrolls of enchant armour
 k - 2 scrolls of vulnerability
 n - a scroll of butterflies
 q - a scroll of brand weapon
 s - a scroll of immolation
 t - 4 scrolls of magic mapping
 u - a scroll of noise
 z - a scroll of identify
Potions
 d - 2 potions of curing
 f - 3 potions of flight
 j - a potion of mutation
 l - 2 potions of might
 m - a potion of heal wounds
 p - a potion of lignification
 r - 2 potions of berserk rage


   Skills:
 + Level 2.9 Fighting
 * Level 5.6 Ranged Weapons
 - Level 4.0 Dodging
 * Level 8.2 Stealth
 - Level 1.3 Spellcasting
 - Level 4.5 Hexes


You had 7 spell levels left.
You knew the following spells:

 Your Spells              Type           Power      Damage    Failure   Level
a - Slow                  Hex            56%        N/A       3%          1

Your spell library contained the following spells:

 Spells                   Type           Power      Damage    Failure   Level
 Inner Flame              Hex/Fire       7%         N/A       28%         3
 Portal Projectile        Hex/Tloc       14%        N/A       28%         3
 Scorch                   Fire           2%         2d5       34%         2
 Cause Fear               Hex            7%         N/A       36%         4
 Flame Wave               Conj/Fire      1%         2d4       93%         4
 Summon Cactus Giant      Summ           0%         N/A       100%        6


Dungeon Overview and Level Annotations

Branches:
Dungeon (5/15)
 Temple: D:4-7

Altars:
Nemelex Xobeh
Xom

Shops:
D:4 ?

Annotations:
D:6 Maggie


Innate Abilities, Weirdness & Mutations

You are very small and have problems with some larger weapons.
You are too small for most types of armour.
You have supernaturally acute eyesight. (SInv)
You cover ground extremely quickly. (Speed+++)


Message History

The hound bites you but does no damage. The hound closely misses you.
You shoot a sling bullet.
The sling bullet hits the hound but does no damage.
The hound is heavily wounded.
The hound completely misses you. You block the wight's attack.
The hound barely misses you. The hound barely misses you.
You shoot a sling bullet.
The sling bullet completely misses the hound.
You block the hound's attack. x2
You shoot a sling bullet.
The sling bullet closely misses the hound.
The hound misses you. The wight barely misses you.
You block the hound's attack.
You shoot a sling bullet. The sling bullet hits the hound.
The hound is severely wounded.
The hound closely misses you.
The wight hits you with a +3 dire flail!
You partially resist.
You feel drained. The hound closely misses you.
Fire: a) +1 sling
Press: ? - help, Q - select action, (/) - cycle Shift-Dir - straight line, f/p - hound
Aim: a hound (severely wounded, 51% to hit)
You shoot a sling bullet.
The sling bullet barely misses the hound.
The wight completely misses you. The hound bites you.
As you read the scroll of teleportation, it crumbles to dust.
You feel strangely unstable. You block the hound's attack.
The wight misses you. The hound bites you but does no damage.
Unknown command.
Okay, then.
Fire: a) +1 sling
Press: ? - help, Q - select action, (/) - cycle Shift-Dir - straight line, f/p - hound
Aim: a hound (severely wounded, 51% to hit)
You shoot a sling bullet. The sling bullet hits the hound.
You kill the hound!
The wight closely misses you.
The wight hits you with a +3 dire flail!
* * * LOW HITPOINT WARNING * * *
The wight hits you with a +0 long sword!
You die...

#.# #.. #.# ..#
####### ..#
#...z@# ..#######
#.##z##
#.z...zzz....##.#
#.# ##########.#
#.# #.#
#.######### #.#
......z...# #.#
#########.# #.#
#.# #.#


You could see 2 wights.

Vanquished Creatures
  2 ice beasts (D:5)
  A black bear (D:5)
  A phantom (D:5)
  2 necrophages (D:5)
  2 scorpions
  A howler monkey (D:4)
  A jelly (D:5)
  2 hounds
  2 iguanas (D:4)
  An orc wizard (D:5)
  4 gnolls (D:3)
  An adder (D:3)
  2 shadow imps
  An ufetubus (D:5)
  A dart slug (D:3)
  15 orcs
  8 ball pythons
  9 bats
  6 endoplasms
  4 giant cockroaches
  4 hobgoblins
  5 kobolds
  4 quokkas
  4 frilled lizards
  4 goblins
  10 rats
97 creatures vanquished.

Vanquished Creatures (others)
  An ufetubus (D:3)
  A ball python (D:3)
  A bat (D:3)
  3 plants (D:6)
6 creatures vanquished.

Grand Total: 103 creatures vanquished

Notes
Turn   | Place    | Note
-------+----------+-------------------------------------------
     0 | D:1      | LustLizard the Spriggan Arcane Marksman began the quest for
                  | the Orb.
     0 | D:1      | Reached XP level 1. HP: 9/9 MP: 3/3
    58 | D:1      | Reached skill level 1 in Stealth
   101 | D:1      | Reached skill level 1 in Fighting
   111 | D:1      | Reached XP level 2. HP: 14/14 MP: 5/5
   328 | D:1      | Reached skill level 2 in Stealth
   540 | D:2      | Reached XP level 3. HP: 18/18 MP: 6/6
  1136 | D:3      | Reached skill level 3 in Stealth
  1165 | D:3      | Reached XP level 4. HP: 22/22 MP: 7/7
  1209 | D:3      | Found a shimmering altar of Xom.
  1798 | D:3      | Found a sparkling altar of Nemelex Xobeh.
  1848 | D:3      | Found a faded altar of an unknown god.
  1937 | D:4      | Identified the +1 ring mail of the Land of Plenty {rPois
                  | Str+4}
  2031 | D:4      | Reached XP level 5. HP: 25/25 MP: 8/8
  2108 | D:4      | Reached skill level 4 in Stealth
  2377 | D:4      | Found Buazets's Magic Scroll Shop.
  2380 | D:4      | Bought a scroll of magic mapping for 90 gold pieces
  2380 | D:4      | Bought a scroll of identify for 24 gold pieces
  2380 | D:4      | Bought a scroll of identify for 24 gold pieces
  2380 | D:4      | Bought a scroll of identify for 24 gold pieces
  2579 | D:5      | Entered Level 5 of the Dungeon
  2744 | D:4      | Reached skill level 5 in Stealth
  2744 | D:4      | Reached XP level 6. HP: 26/30 MP: 5/9
  3044 | D:5      | Reached skill level 6 in Stealth
  3801 | D:5      | Reached XP level 7. HP: 30/35 MP: 10/10
  3956 | D:5      | Reached skill level 7 in Stealth
  3998 | D:5      | Reached skill level 5 in Ranged Weapons
  4209 | D:5      | Reached skill level 8 in Stealth
  4317 | D:5      | You fall into a shaft and drop 1 floor!
  4351 | D:6      | Noticed Maggie
  4410 | D:6      | Mangled by a wight

Illustrated notes

Levels and vault maps discovered:
D:1:      spicycebolla_green_bress_n_ham_2, layout_basic,
          minmay_tree_intersection, minmay_tromino_v2
D:2:      layout_rooms
D:3:      layout_rooms, xom_confusion_cloud, lemuel_coloured_pillars_altar,
          chequers_ecumenical_altar_twisty
D:4:      layout_loops_ring, serial_shops, kennysheep_mini
D:5:      layout_cave_pools, minitemple, lemuel_crystal_altar,
          minmay_misc_feat_five
D:6:      layout_basic, mainiacjoe_overflow_boulevard, kennysheep_slug_shrine,
          kennysheep_opposing_triangles, uniq_maggie

Skill      XL: |  1  2  3  4  5  6  7 |
---------------+----------------------+-----
Stealth        | 1 2 3 5 6 8 |  8.2
Fighting       | 1 2 |  2.9
Hexes          | 4 |  4.5
Dodging        | 3 4 |  4.0
Ranged Weapons | 3 4 5 |  5.6
Spellcasting   | |  1.3

Action                   |  1- 3 |  4- 6 |  7- 9 || total
-------------------------+-------+-------+-------++-------
 Fire: Sling             |   128 |   206 |   113 ||   447
 Cast: Slow              |       |    11 |     9 ||    20
  Use: Scroll            |     9 |     6 |     1 ||    16
Armor: Robe              |     1 |     4 |     2 ||     7
Dodge: Dodged            |    26 |    68 |    25 ||   119
Block: Other             |       |    11 |     7 ||    18
